 Dungeon Crawl Stone Soup version 0.31-a0-819-gf6de2f5ab6 (webtiles) character file.

Game seed: 16471012543441553662

66 qw the Shooter (level 4, -2/28 HPs)
             Began as a Gargoyle Hunter on Sept 23, 2023.
             Killed by divine providence
             ... invoked by an orc priest
              (16 damage)
             ... on level 3 of the Dungeon.
             The game lasted 00:00:34 (1899 turns).

qw the Shooter (Gargoyle Hunter)                    Turns: 1899, Time: 00:00:34

Health: -2/28      AC:  8    Str: 14    XL:     4   Next: 15%
Magic:  4/4        EV: 10    Int: 10    God:
Gold:   108        SH:  0    Dex: 15    Spells: 3/3 levels left

rFire   . . .        Y - +0 shortbow (freeze)
rCold   . . .        (shield currently unavailable)
rNeg    + . .        g - +0 ring mail
rPois   inf          (no helmet)
rElec   +            (no cloak)
rCorr   .            (no gloves)
SInv    .            (no boots)
Will    .....        (no amulet)
Stlth   +            (no ring)
HPRegen 0.24/turn    (no ring)
MPRegen 0.09/turn

%: no passive effects
@: no status effects
A: sickness immunity, AC +3, negative energy resistance 1, electricity
resistance, torment resistance 1, petrification resistance
a: no special abilities


You were on level 3 of the Dungeon.
You visited 1 branch of the dungeon, and saw 3 of its levels.

You collected 108 gold pieces.


Innate Abilities, Weirdness & Mutations

You are immune to sickness and miasma.
Your stone body is resilient. (AC +3)
You are immune to poison.
You resist negative energy. (rN+)
You are resistant to electric shocks. (rElec)
You are resistant to unholy torment.
You are immune to petrification.


   Skills:
 - Level 3.1 Fighting
 + Level 5.0 Ranged Weapons
 - Level 1.0 Armour
 - Level 1.5 Dodging
 - Level 1.1 Stealth


You had 3 spell levels left.
You didn't know any spells.
Your spell library was empty.

Inventory:

Hand Weapons
 Y - a +0 shortbow of freezing (weapon)
Armour
 g - a +0 ring mail (worn)
Scrolls
 a - a scroll of identify
 b - 2 scrolls of teleportation
Potions
 c - a potion of heal wounds {unknown}
 e - a potion of haste
 i - a potion of might {unknown}

Dungeon Overview and Level Annotations

Branches:
Dungeon (3/15)

Altars:
Xom


Message History

The adder is almost dead.
The adder bites you.
You shoot an arrow. The arrow hits the adder.
The arrow freezes the adder.
You kill the adder!
Your Fighting skill increases to level 3!
You have reached level 4!
You feel clever.
You start resting.
HP restored.
Done exploring.
What level of the Dungeon? (default 3, ? - help)
You climb downwards.
The orc priest looks satisfied for a moment.
There is a stone staircase leading up here.
An orc priest is nearby!
You shoot an arrow. The arrow barely misses the orc priest.
You shoot an arrow. The arrow barely misses the orc priest.
You shoot an arrow. The arrow hits the orc priest.
The arrow freezes the orc priest.
The orc priest is moderately wounded.
The orc priest calls down the wrath of Beogh upon you.
Beogh smites you!
1894 |||
Found retreat position at 2,-1 (floor) with 0 blocking monsters and 2 monsters attacking at destination at distance 2
1894 ||| Stepping ~*~*~tactically~*~*~ (retreating).
The orc priest hits you with a +0 flail.
1895 |||
Found retreat position at 1,-1 (floor) with 0 blocking monsters and 2 monsters attacking at destination at distance 1
1895 ||| Stepping ~*~*~tactically~*~*~ (retreating).
You shoot an arrow.
The arrow hits the orc but does no damage.
The orc hits you but does no damage.
You shoot an arrow. The arrow hits the orc!
The arrow freezes the orc.
You kill the orc!
You start resting.
There are monsters nearby!
You shoot an arrow.
The arrow completely misses the orc priest.
The orc priest miscasts a cantrip.
The orc priest mumbles some strange prayers to Beogh against you.
Beogh smites you!
Ouch! That really hurt!
You die...

... ##.. ....
. ###.. #.#
#...###....
##..........
#....P...P.P +
#.......####
#.#.#@)###.PP.
#.o..###


.oP #...<..# ~ #...o.)# #..#...# #%.....o# #......... .......#.... ..##.........
You could see 2 orc priests.

Vanquished Creatures
  A gnoll (D:1)
  2 adders (D:2)
  2 dart slugs
  An orc (D:3)
  4 endoplasms (D:1)
  5 hobgoblins
  2 kobolds (D:1)
  3 quokkas
  2 ball pythons (D:1)
  4 bats
  A frilled lizard (D:3)
  3 goblins
  A rat (D:2)
31 creatures vanquished.

Notes
Turn   | Place    | Note
-------+----------+-------------------------------------------
     0 | D:1      | qw the Gargoyle Hunter began the quest for the Orb.
     0 | D:1      | Reached XP level 1. HP: 12/12 MP: 1/1
     0 | D:1      | 0 ||| qw: Version: 0.3-a-83-gcd0e7d8
     0 | D:1      | 0 ||| qw: Game counter: 1681
     0 | D:1      | 0 ||| qw: Melee chars always use a shield: true
     0 | D:1      | 0 ||| qw: God list: Okawaru
     0 | D:1      | 0 ||| qw: Allow faded altars: false
     0 | D:1      | 0 ||| qw: Do Orc after clearing Dungeon:15 true
     0 | D:1      | 0 ||| qw: Do second Lair branch before Depths: true
     0 | D:1      | 0 ||| qw: Lair rune preference: random
     0 | D:1      | 0 ||| qw: Goals: Normal
     0 | D:1      | 0 ||| PLANNING D:1-11
    74 | D:1      | Reached XP level 2. HP: 17/17 MP: 2/2
   226 | D:1      | Reached XP level 3. HP: 21/21 MP: 3/3
   251 | D:1      | Reached skill level 5 in Ranged Weapons
   569 | D:1      | 569 ||| UPGRADING to +0 ring mail.
   579 | D:1      | 579 ||| DROPPING +0 leather armour.
   580 | D:1      | 580 ||| DROPPING +6 ring of intelligence.
   581 | D:1      | 581 ||| READING 3 scrolls labelled FOECLAC SEWKI.
   582 | D:1      | 582 ||| READING scroll labelled FUSUOMP BINA.
   583 | D:1      | 583 ||| READING scroll labelled GANIENWINIS.
   584 | D:1      | 584 ||| READING scroll labelled AZOMNOA UCUROE.
   585 | D:1      | 585 ||| READING 2 scrolls of identify.
   585 | D:1      | 585 ||| IDENTIFYING lumpy red potion
   586 | D:1      | 586 ||| DROPPING scroll of butterflies.
   659 | D:2      | Identified the +3 mace "Aneguh" {venom, rF+ rC- Dex+2}
   715 | D:2      | Identified the +9 quarterstaff of Ambiguity {pain, Stlth+}
   839 | D:2      | Found a shimmering altar of Xom.
   843 | D:2      | Reached skill level 1 in Armour
  1691 | D:2      | 1691 ||| READING 3 scrolls labelled XEDECOCV HUSUR.
  1749 | D:3      | 1749 ||| FLEEEEING.
  1753 | D:3      | 1753 ||| STAIRDANCE
  1797 | D:2      | 1797 ||| READING scroll labelled DUAMEU VOOM.
  1802 | D:3      | 1802 ||| FLEEEEING.
  1803 | D:3      | 1803 ||| STAIRDANCE
  1837 | D:3      | 1837 ||| STAIRDANCE
  1857 | D:3      | 1857 ||| STAIRDANCE
  1870 | D:2      | Reached skill level 3 in Fighting
  1870 | D:2      | Reached XP level 4. HP: 23/28 MP: 4/4
  1894 | D:3      | 1894 ||| Stepping ~*~*~tactically~*~*~ (retreating).
  1895 | D:3      | 1895 ||| Stepping ~*~*~tactically~*~*~ (retreating).
  1899 | D:3      | Killed from afar by an orc priest

Levels and vault maps discovered:
D:1:      eino_arrival_tree_alley, layout_basic
D:2:      layout_basic, basic_altar, grunt_ministairs_2
D:3:      layout_rooms, fedhas_altar_4, jmf_multi_god_temple,
          shapermc_ecumenical_altar_mp_ritualfount, serial_shops,
          nicolae_shop_trees, serial_rivers, chequers_serial_rivers_micro_e,
          chequers_serial_rivers_room_a, chequers_serial_rivers_micro_b,
          chequers_serial_rivers_room_a, nicolae_concentric_dashed_squares_wild,
          chequers_serial_rivers_micro_c, hangedman_abyss_or_decor_lesser_grid

Skill      XL: |  1  2  3 |
---------------+----------+-----
Ranged Weapons | 5 |  5.0
Armour         | 1 |  1.0
Fighting       | 3 |  3.1
Dodging        | |  1.5
Stealth        | |  1.1

Action                     |  1- 3 |  4- 6 || total
---------------------------+-------+-------++-------
   Fire: Shortbow          |    95 |     6 ||   101
    Use: Scroll            |     7 |       ||     7
 Armour: Leather armour    |     5 |       ||     5
         Ring mail         |    26 |     2 ||    28
  Dodge: Dodged            |    28 |       ||    28

Table legend:
 A = Non-vault XP
 B = Vault XP
 C = Vault XP percentage of total XP
 D = Non-vault monster count
 E = Vault monster count
 F = Vault count percentage of total count
                 A         B        C        D         E       F
            +---------+---------+-------+---------+---------+-------
      Total |      93 |       2 |   2.1 |      30 |       1 |   3.2
            +---------+---------+-------+---------+---------+-------
        D:1 |      43 |       0 |   0.0 |      16 |       0 |   0.0
        D:2 |      46 |       2 |   4.2 |      12 |       1 |   7.7
        D:3 |       4 |       0 |   0.0 |       2 |       0 |   0.0
            +---------+---------+-------+---------+---------+-------
